 Dungeon Crawl Stone Soup version 0.27-a0-887-gcab673c142 (webtiles) character file.

Game seed: 17530869108931170584

14 rageheart7 the Sneak (level 2, 0/16 HPs)
             Began as a Spriggan Delver on Apr 4, 2021.
             Killed by Freeze
             ... generated by an endoplasm
              (3 damage)
             ... on level 1 of the Dungeon.
             The game lasted 00:00:52 (409 turns).

rageheart7 the Sneak (Spriggan Delver)               Turns: 409, Time: 00:00:53

Health: 0/16       AC:  2    Str:  8    XL:     2   Next: 31%
Magic:  3/3        EV: 17    Int: 11    God:
Gold:   23         SH:  0    Dex: 16    Spells: 1/1 levels left

rFire    . . .     SeeInvis +   a - +0 short sword
rCold    . . .     Faith    .   (shield restricted)
rNeg     . . .     Spirit   .   b - +0 robe
rPois    .         Reflect  .   (helmet restricted)
rElec    .         Harm     .   (no cloak)
rCorr    .         Rampage  .   (gloves unavailable)
Will     .....                  (boots unavailable)
Stlth    ++++......             (no amulet)
HPRegen  0.05/turn              (no ring)
MPRegen  0.08/turn              (no ring)

@: very quick
A: very small, no large weapons, unfitting armour, see invisible, speed 3
a: no special abilities


You were on level 1 of the Dungeon.
You visited 1 branch of the dungeon, and saw 5 of its levels.

You collected 23 gold pieces.

Inventory:

Hand Weapons
 a - a +0 short sword (weapon)
Armour
 b - a +0 robe (worn)
Wands
 g - a wand of digging (3)
Scrolls
 c - a scroll of fog
 d - a scroll of magic mapping
 e - a scroll of fear
 i - a scroll of noise {unknown}
 k - a scroll of vulnerability {unknown}
Potions
 f - a potion of haste
 h - a potion of curing {unknown}
 j - a potion of mutation {unknown}
 l - a potion of attraction {unknown}


   Skills:
 * Level 2.8 Fighting
 * Level 2.8 Short Blades
 - Level 2.6 Dodging
 - Level 7.2 Stealth


You had one spell level left.
You didn't know any spells.
Your spell library was empty.

Dungeon Overview and Level Annotations

Branches:
Dungeon (5/15)
 Temple: D:4-7

Altars:


Innate Abilities, Weirdness & Mutations

You are very small and have problems with some larger weapons.
You are too small for most types of armour.
You have supernaturally acute eyesight. (SInv)
You cover ground extremely quickly. (Speed+++)


Message History

You are too injured to fight recklessly!
You are too injured to fight recklessly!
You hit the jackal but do no damage. The jackal closely misses you.
You hit the jackal.
The jackal is lightly wounded.
The jackal misses you.
You closely miss the jackal.
The jackal is lightly wounded.
The jackal barely misses you. The jackal misses you.
You barely miss the jackal.
The jackal is lightly wounded.
The jackal misses you.
You closely miss the jackal.
The jackal is lightly wounded.
The jackal completely misses you.
You hit the jackal.
The jackal is almost dead.
The jackal bites you. x2
* * * LOW HITPOINT WARNING * * *
You closely miss the jackal.
The jackal is almost dead.
The jackal completely misses you.
You closely miss the jackal.
The jackal is almost dead.
The jackal misses you.
You hit the jackal.
You kill the jackal!
The bat barely misses you.
You closely miss the bat. The bat barely misses you.
You hit the endoplasm.
The endoplasm is heavily wounded.
The endoplasm completely misses you.
You hit the endoplasm but do no damage.
The endoplasm is heavily wounded.
The endoplasm misses you.
You barely miss the endoplasm.
The endoplasm is heavily wounded.
The endoplasm freezes you.
You are frozen.
You die...

... ..# ..# #### #..##
#.. ....# #.# ....###
###########.#####b......
#..............@Jh......
#.##########.####..#...#
#.# #.# ....# # #.# #.#
..### #.# #.# ... #.#
#.# ...# #># #.# ...#
#.# ... .... #.#


You could see an endoplasm, a jackal and a bat.

Vanquished Creatures
  A worm (D:4)
  3 endoplasms
  A giant cockroach (D:2)
  A hobgoblin (D:4)
  2 jackals (D:1)
  2 bats
10 creatures vanquished.

Notes
Turn   | Place    | Note
-------+----------+-------------------------------------------
     0 | D:5      | rageheart7 the Spriggan Delver began the quest for the Orb.
     0 | D:5      | Reached XP level 1. HP: 11/11 MP: 2/2
    77 | D:4      | Noticed an iguana
   256 | D:2      | Reached XP level 2. HP: 16/16 MP: 3/3
   409 | D:1      | Killed from afar by an endoplasm

Illustrated notes

Levels and vault maps discovered:
D:1:      saegor_arrival_simple_c, layout_loops_ring,
          shapermc_ecumenical_altar_gd, chequers_serial_rivers_large_a
D:2:      layout_loops_ring, uniq_robin
D:3:      layout_basic, biasface_ghost_orc_armoury, uniq_ijyb
D:4:      layout_basic, lexackson_kobold_supper, uniq_menkaure
D:5:      layout_basic, minmay_temple_entry_crystal_x, uniq_crazy_yiuf_cottage

Action                   || total
-------------------------++-------
Melee: Short sword       ||    46
 Stab: Sleeping          ||     5
Armor: Robe              ||     5
Dodge: Dodged            ||    62

Table legend: (Time is in decaauts)
 A = Elapsed time spent in this place.
 B = Non-inter-level travel time spent in this place.
 C = Inter-level travel time spent in this place.
 D = Time resting spent in this place.
 E = Time spent auto-exploring this place.
 F = Levels seen in this place.
 G = Mean time per level.
                   A        B        C        D        E       F      G
               +--------+--------+--------+--------+--------+-----+--------+
         Total |    335 |    332 |      3 |      0 |    241 |   5 |   67.0 |
       Dungeon |    335 |    332 |      3 |      0 |    241 |   5 |   67.0 |
               +--------+--------+--------+--------+--------+-----+--------+

Top non-repeatable levels by time:
     D:2: 169 daAuts
     D:1: 93 daAuts
     D:4: 34 daAuts
     D:3: 20 daAuts
     D:5: 17 daAuts
